 Dungeon Crawl Stone Soup version 0.31-a0-1309-gbf3fed316f (webtiles) character file.

Game seed: 1760138913583170704

368 Conn the Sneak (level 6, -12/36 HPs)
             Began as an Octopode Fire Elementalist on Dec 20, 2023.
             Mangled by an ice beast (13 damage)
             ... on level 5 of the Dungeon.
             The game lasted 00:06:37 (4205 turns).

Conn the Sneak (Octopode Fire Elementalist)         Turns: 4205, Time: 00:06:38

Health: -12/36     AC:  1    Str:  7    XL:     6   Next: 69%
Magic:  1/10       EV: 14    Int: 19    God:
Gold:   186        SH:  0    Dex: 13    Spells: 1/11 levels left

rFire   . . .        f - staff of conjuration
rCold   . . .        (no shield)
rNeg    . . .        (helmet restricted)
rPois   .            (no amulet)
rElec   .            (no ring)
rCorr   .            (no ring)
SInv    .            (no ring)
Will    .....        (no ring)
Stlth   ++++         (no ring)
HPRegen 0.26/turn    (no ring)
MPRegen 0.12/turn    (no ring)
                     (no ring)

%: no passive effects
@: mighty, very slightly contaminated
A: almost no armour, amphibious, 8 rings, camouflage 1, gelatinous body 1,
(nimble swimmer 1), tentacles
a: no special abilities


You were on level 5 of the Dungeon.
You visited 1 branch of the dungeon, and saw 5 of its levels.

You collected 186 gold pieces.

Inventory:

Missiles
 h - 9 poisoned darts
Magical Staves
 d - a staff of poison
 f - a staff of conjuration (weapon)
Scrolls
 b - a scroll of fear {unknown}
 e - a scroll of enchant armour {unknown}
 g - a scroll of torment {unknown}
 i - 2 scrolls of identify
 j - 2 scrolls of blinking
 m - a scroll of teleportation {unknown}
 o - a scroll of noise
 q - a scroll of immolation {unknown}
 s - a scroll of vulnerability {unknown}
 v - a scroll of revelation {unknown}
Potions
 a - a potion of magic
 c - a potion of invisibility {unknown}
 k - a potion of might
 l - 2 potions of attraction {unknown}
 n - 2 potions of brilliance {unknown}
 p - a potion of resistance {unknown}
 r - a potion of heal wounds {unknown}
 t - a potion of degeneration {unknown}
 u - a potion of curing {unknown}


   Skills:
 + Level 3.3 Dodging
 + Level 4.6 Stealth
 + Level 3.0 Spellcasting
 * Level 3.3 Conjurations
 + Level 1.7 Hexes
 + Level 3.9 Fire Magic


You had one spell level left.
You knew the following spells:

 Your Spells              Type           Power      Damage    Failure   Level
a - Foxfire               Conj/Fire      100%       2x1d9     3%          1
b - Scorch                Fire           34%        2d6       4%          2
c - Inner Flame           Hex/Fire       13%        N/A       14%         3
d - Flame Wave            Conj/Fire      25%        2d8       34%         4

Your spell library contained the following spells:

 Spells                   Type           Power      Damage    Failure   Level
 Static Discharge         Conj/Air       26%        3-5/arc   12%         2
 Volatile Blastmotes      Fire/Tloc      20%        2d11      21%         3
 Poisonous Vapours        Pois/Air       4%         N/A       22%         2
 Mephitic Cloud           Conj/Pois/Air  10%        N/A       28%         3
 Gell's Gravitas          Tloc           2%         N/A       41%         3
 Teleport Other           Tloc           2%         N/A       41%         3
 Airstrike                Air            1%         2d(1-17)  83%         4
 Summon Lightning Spire   Summ/Air       2%         N/A       83%         4
 Freezing Cloud           Conj/Ice/Air   5%         6-21      95%         5
 Dispersal                Tloc           1%         N/A       100%        6
 Summon Cactus Giant      Summ           1%         N/A       100%        6


Dungeon Overview and Level Annotations

Branches:
Dungeon (5/15)
 Temple: D:4-7

Altars:
Ashenzari
Elyvilon


Innate Abilities, Weirdness & Mutations

You cannot wear most types of armour.
You are amphibious.
You can wear up to eight rings at the same time.
Your skin changes colour to match your surroundings (Stealth+).
Your rubbery body absorbs attacks. (AC +1, EV +1)
((You are camouflaged when in or above water. (Stealth+)))
You have tentacles for arms and can constrict up to eight enemies at once.


Message History

Unknown command.
Casting: Scorch (safe; 4% risk of failure)
Confirm with . or Enter, or press ? or * to list all spells.
Flames lash the gnoll.
The gnoll is moderately wounded.
The gnoll's fire resistance burns away.
The gnoll hits you with a +0 whip.
Unknown command.
Casting: Scorch (safe; 4% risk of failure)
Confirm with . or Enter, or press ? or * to list all spells.
You miscast Scorch.
You are very lightly contaminated with residual magic.
Nothing appears to happen.
An ice beast comes into view.
The gnoll barely misses you.
As you read the scroll labelled AFOK YMAUPH, it crumbles to dust.
It is a scroll of identify.
j - 2 scrolls of blinking The gnoll closely misses you.
As you read the scroll labelled AGHARO RASEADA, it crumbles to dust.
You hear a loud clanging noise!
It was a scroll of noise.
You hear a bark!
The gnoll is no longer more vulnerable to fire.
The gnoll hits you with a +0 whip.
Okay, then.
It was a potion of might.
You feel very mighty all of a sudden.
The gnoll is no longer more vulnerable to fire.
The gnoll closely misses you.
You completely miss the ice beast. Your squeeze misses the ice beast.
The ice beast misses you. The gnoll closely misses you.
You barely miss the ice beast. Your squeeze misses the ice beast.
The ice beast hits you. The ice beast freezes you!
* * * LOW HITPOINT WARNING * * *
The gnoll misses you. The gnoll hits you with a +0 whip.
* * * LOW HITPOINT WARNING * * *
The ice beast hits you.
* * * LOW HITPOINT WARNING * * *
The ice beast freezes you!
You die... ####### #. ... ...

You could see an ice beast and 2 gnolls.

Vanquished Creatures
  A black bear (D:4)
  A howler monkey (D:4)
  A jelly (D:4)
  An orc priest (D:3)
  An orc wizard (D:3)
  5 gnolls
  4 adders
  2 worms
  4 orcs (D:3)
  5 ball pythons
  An endoplasm (D:1)
  3 giant cockroaches
  10 goblins
  9 hobgoblins
  4 quokkas
  2 bats (D:1)
  2 frilled lizards (D:2)
  4 kobolds
  3 rats
63 creatures vanquished.

Vanquished Creatures (others)
  185 foxfires
185 creatures vanquished.

Grand Total: 248 creatures vanquished

Notes
Turn   | Place    | Note
-------+----------+-------------------------------------------
     0 | D:1      | Conn the Octopode Fire Elementalist began the quest for the
                  | Orb.
     0 | D:1      | Reached XP level 1. HP: 11/11 MP: 3/3
   289 | D:1      | Reached XP level 2. HP: 17/17 MP: 1/5
   307 | D:1      | Reached skill level 3 in Stealth
   981 | D:2      | Reached XP level 3. HP: 19/21 MP: 6/6
  1662 | D:2      | Learned a level 2 spell: Scorch
  1666 | D:2      | Learned a level 3 spell: Inner Flame
  2189 | D:4      | Found a white marble altar of Elyvilon.
  2221 | D:4      | Reached XP level 4. HP: 27/27 MP: 0/7
  2416 | D:4      | Reached skill level 1 in Hexes
  2416 | D:4      | Reached XP level 5. HP: 31/31 MP: 0/8
  2834 | D:4      | Noticed a black bear
  2840 | D:4      | Killed a black bear
  2841 | D:4      | Reached skill level 4 in Stealth
  2841 | D:4      | Reached XP level 6. HP: 36/36 MP: 5/10
  3266 | D:3      | Found a broken altar of Ashenzari.
  3858 | D:3      | Learned a level 4 spell: Flame Wave
  4066 | D:5      | Entered Level 5 of the Dungeon
  4200 | D:5      | Noticed an ice beast
  4205 | D:5      | HP: 1/36 [ice beast (1)]
  4205 | D:5      | Mangled by an ice beast

Illustrated notes

Levels and vault maps discovered:
D:1:      shiori_arrival_elements, layout_loops_ring, hangedman_feature_mirror,
          nicolae_concentric_dashed_squares_mild, st_stairs_2,
          columned_hall_lemuel, minmay_indecisive_spiral
D:2:      layout_basic
D:3:      layout_basic, general_overflow_altar
D:4:      layout_gridville, elyvilon_altar_5
D:5:      layout_basic, makhleb_blood_cavern_becter, mainiacjoe_overflow_swirl,
          minmay_misc_feat_five, grunt_ministairs_2,
          serial_library_regret_index_split_case

Skill      XL: |  1  2  3  4  5  6 |
---------------+-------------------+-----
Stealth        | 3 4 |  4.6
Conjurations   | 2 3 |  3.3
Hexes          | 1 |  1.7
Dodging        | 3 |  3.3
Spellcasting   | 3 |  3.0
Fire Magic     | |  3.9

Action                     |  1- 3 |  4- 6 || total
---------------------------+-------+-------++-------
  Melee: Staff             |    34 |    16 ||    50
         Tentacles         |     6 |     3 ||     9
         Constrict         |     9 |     4 ||    13
   Cast: Foxfire           |    62 |    46 ||   108
         Scorch            |       |    14 ||    14
         Inner Flame       |       |     1 ||     1
    Use: Scroll            |       |     2 ||     2
         Potion            |       |     1 ||     1
   Stab: Sleeping          |     3 |     1 ||     4
 Armour: Skin              |    18 |    21 ||    39
  Dodge: Dodged            |    28 |    18 ||    46

Table legend: (Time is in decaauts)
 A = Elapsed time spent in this place.
 B = Non-inter-level travel time spent in this place.
 C = Inter-level travel time spent in this place.
 D = Time resting spent in this place.
 E = Time spent auto-exploring this place.
 F = Levels seen in this place.
 G = Mean time per level.
                   A        B        C        D        E       F      G
               +--------+--------+--------+--------+--------+-----+--------+
         Total |   4214 |   4096 |    118 |     76 |   3154 |   5 |  842.8 |
       Dungeon |   4214 |   4096 |    118 |     76 |   3154 |   5 |  842.8 |
               +--------+--------+--------+--------+--------+-----+--------+

Top non-repeatable levels by time:
     D:4: 1357 daAuts
     D:2: 1017 daAuts
     D:1: 927 daAuts
     D:3: 896 daAuts
     D:5: 15 daAuts
